 Dungeon Crawl Stone Soup version 0.28-a0-1524-ge72afd5fc6 (webtiles) character file.

Game seed: 9911353761946665287

2 psuckher the Sneak (level 1, -1/19 HPs)
             Began as a Barachi Delver on Jan 17, 2022.
             Slain by a water moccasin zombie (5 damage)
             ... on level 6 of the Dungeon.
             The game lasted 00:01:04 (123 turns).

psuckher the Sneak (Barachi Delver)                  Turns: 123, Time: 00:01:04

Health: -1/19      AC:  3    Str: 13    XL:     1   Next: 30%
Magic:  1/1        EV: 12    Int: 10    God:
Gold:   10         SH:  0    Dex: 13    Spells: 0/0 levels left

rFire   . . .      SeeInvis .   e - +2 flail (protect)
rCold   . . .      Faith    .   (no shield)
rNeg    . . .      Spirit   .   b - +0 leather armour
rPois   .          Reflect  .   (no helmet)
rElec   .          Harm     .   (no cloak)
rCorr   .          Rampage  .   (no gloves)
Will    .....                   (no boots)
Stlth   ++........              (no amulet)
HPRegen 0.06/turn               (no ring)
MPRegen 0.07/turn               (no ring)

@: slow
A: amphibious, slowness 1, strong legs 1, +LOS
a: Hop


You were on level 6 of the Dungeon.
You visited 1 branch of the dungeon, and saw 2 of its levels.

You collected 10 gold pieces.

Inventory:

Hand Weapons
 a - a +0 falchion
 e - a +2 flail of protection (weapon)
Armour
 b - a +0 leather armour (worn)
Wands
 g - a wand of digging (3)
Scrolls
 d - a scroll of magic mapping
Potions
 f - a potion of haste


   Skills:
 + Level 3.6 Fighting
 + Level 2.4 Long Blades
 + Level 2.2 Dodging
 + Level 4.6 Stealth


You couldn't memorise any spells.
You didn't know any spells.
Your spell library was empty.

Dungeon Overview and Level Annotations

Branches:
Dungeon (6/15)
 Temple: D:4-7

Altars:


Innate Abilities, Weirdness & Mutations

You are amphibious.
You cover ground slowly.
You can hop short distances.
You have an extended range of vision and can be seen from far away.


Message History

The orc looks frightened! x3
An orc comes into view. It is wielding a +0 short sword.
The orc shouts!
There is an open door here.
There is a stone staircase leading down here.
You climb downwards.
There is a stone staircase leading up here.
You open the door.
A water moccasin zombie comes into view.
Found a stone staircase leading up.
You close the door.
Found a glowing flail.
You see here a +2 flail of protection.
You see here a +2 flail of protection.
e - a +2 flail of protection Your +2 flail of protection hums with potential!
e - a +2 flail of protection (weapon)
As you read the scroll of fog, it crumbles to dust.
The scroll dissolves into smoke.
The water moccasin zombie bites you but does no damage.
The water moccasin zombie bites you but does no damage.
You sock the water moccasin zombie!
Your weapon exudes an aura of protection.
The water moccasin zombie is lightly damaged.
The water moccasin zombie bites you.
You closely miss the water moccasin zombie.
The water moccasin zombie is lightly damaged.
The water moccasin zombie bites you.
* * * LOW HITPOINT WARNING * * *
The water moccasin zombie barely misses you.
You hit the water moccasin zombie.
The water moccasin zombie is moderately damaged.
The water moccasin zombie bites you but does no damage. x2
You closely miss the water moccasin zombie.
The water moccasin zombie is moderately damaged.
The water moccasin zombie barely misses you.
You closely miss the water moccasin zombie.
The water moccasin zombie is moderately damaged.
The water moccasin zombie bites you.
You die...

##########........#
.............###..#
############.# #.##
...........#.# #.#
##########.#.# #.#
#.......<#.# #§#
#.######.#.# #§#
#.#.# #Z# #.#.# #@#
#.#.#§§.§..# #.#
#§#§#### .h# #.#§#
### # ..# #.# #.#
###


You could see a water moccasin zombie.

Vanquished Creatures
  An orc (D:5)
1 creature vanquished.

Notes
Turn   | Place    | Note
-------+----------+-------------------------------------------
     0 | D:5      | psuckher the Barachi Delver began the quest for the Orb.
     0 | D:5      | Reached XP level 1. HP: 18/18 MP: 1/1
    21 | D:5      | Noticed an orc warrior
    45 | D:6      | Noticed a hound
    92 | D:6      | Noticed a water moccasin zombie
   123 | D:6      | Slain by a water moccasin zombie

Illustrated notes

Levels and vault maps discovered:
D:5:      layout_basic, hex_medium, uniq_menkaure
D:6:      layout_basic, elyvilon_altar_4, minmay_temple_entry_fiery,
          corner_web_ring

Action                   || total
-------------------------++-------
Melee: Flail             ||     5
       Falchion          ||     5
  Use: Scroll            ||     2
Armor: Leather armour    ||     5
Dodge: Dodged            ||     5

Table legend: (Time is in decaauts)
 A = Elapsed time spent in this place.
 B = Non-inter-level travel time spent in this place.
 C = Inter-level travel time spent in this place.
 D = Time resting spent in this place.
 E = Time spent auto-exploring this place.
 F = Levels seen in this place.
 G = Mean time per level.
                   A        B        C        D        E       F      G
               +--------+--------+--------+--------+--------+-----+--------+
         Total |    145 |    143 |      2 |      0 |      0 |   2 |   72.5 |
       Dungeon |    145 |    143 |      2 |      0 |      0 |   2 |   72.5 |
               +--------+--------+--------+--------+--------+-----+--------+

Top non-repeatable levels by time:
     D:6: 92 daAuts
     D:5: 53 daAuts
